 Dungeon Crawl Stone Soup version 0.22.1-2-g9c5b331 (webtiles) character file.

389034 RoboWizard the Shatterer (level 21, -10/202 HPs)
             Began as a Minotaur Fighter on Dec 11, 2018.
             Was the Champion of Okawaru.
             Hit by a large rock thrown by a stone giant (31 damage)
             ... on level 3 of the Vaults on Dec 12, 2018.
             The game lasted 04:41:50 (48914 turns).

RoboWizard the Shatterer (Minotaur Fighter)        Turns: 48914, Time: 04:41:51

Health: -10/202    AC: 36    Str: 31    XL:     21   Next: 71%
Magic:  12/19      EV: 23    Int:  9    God:    Okawaru [******]
Gold:   2721       SH: 19    Dex: 22    Spells: 21/26 levels left

rFire    + . .     SeeInvis +   d - +8 morningstar of Terra Cotta {speed, Str+4}
rCold    + . .     Gourm    .   H - +0 shield {reflect}
rNeg     . . .     Faith    +   k - +15 Maxwell's patent armour {-Cast -Tele rElec MR+ rCorr}
rPois    +         Spirit   .   (helmet unavailable)
rElec    +         Reflect  +   (no cloak)
rCorr    +         Harm     .   v - +0 pair of gloves
MR       ++...     Rnd*Rage +   Z - +0 pair of boots of Ikumoby {Str+2 Int+5 Dex+3} Stlth ..........NoTele +
                                i - amulet of faith
HPRegen  0.00/turn NoCast   +   T - ring "Wuwkeygedgh" {Str+2 Dex+2 SInv}
MPRegen  0.16/turn              (no ring)

@: resistant, heroism, finesse, studying Maces & Flails
A: retaliatory headbutt, horns 3, [berserk 2], [blurry vision 3], [deformed
body], [dopey 1], [frail 1], [low mp 2], robust 1, [screaming 1], shaggy fur 1,
[inhibited regeneration]
}: 3/15 runes: decaying, serpentine, abyssal
a: Heroism, Finesse, Renounce Religion


You were on level 3 of the Vaults.
You worshipped Okawaru.
Okawaru was exalted by your worship.
You were not hungry.

You visited 8 branches of the dungeon, and saw 38 of its levels.
You visited the Abyss 1 time.
You also visited: Labyrinth and Desolation.

You collected 4227 gold pieces.
You spent 1506 gold pieces at shops.

Inventory:

Hand Weapons
 d - the +8 morningstar of Terra Cotta (weapon) {speed, Str+4}
   (Okawaru gifted it to you on level 12 of the Dungeon)

   Attacks with this weapon are significantly faster.
   It affects your strength (+4).
 O - the +9 sword of Zonguldrok {reap}
   (You took it off a deep elf sorcerer on level 3 of the Elven Halls)

   If a monster killed with it leaves a corpse in good enough shape, the corpse
   will be animated as a zombie friendly to the killer.
Missiles
 b - 22 javelins of penetration (quivered)
Armour
 k - the +15 Maxwell's patent armour (worn) {-Cast -Tele rElec MR+ rCorr}
   (You found it on level 3 of the Elven Halls)

   It insulates you from electricity.
   It affects your resistance to hostile enchantments.
   It prevents spellcasting.
   It prevents most forms of teleportation.
   It provides partial protection from all sources of acid and corrosion.
 v - a +0 pair of gloves (worn)
 z - a +2 cloak of invisibility
 A - a scarf of repulsion
 H - a +0 shield of reflection (worn)
 I - a scarf of resistance
 Z - the +0 pair of boots of Ikumoby (worn) {Str+2 Int+5 Dex+3}
   (Okawaru gifted it to you on level 6 of the Lair of Beasts)

   It affects your strength (+2).
   It affects your intelligence (+5).
   It affects your dexterity (+3).
Jewellery
 a - the ring of Liesch {Str+2 Slay+3}
   (You found it in the Desolation of Salt)

   [ring of slaying]

   It affects your strength (+2).
   It affects your accuracy and damage with ranged weapons and melee attacks
   (+3).
 i - an amulet of faith (around neck)
 m - the ring "Leroupt" {Int+7 Dex+3}
   (You found it in the Desolation of Salt)

   [ring of dexterity]

   It affects your intelligence (+7).
   It affects your dexterity (+3).
 B - an uncursed ring of protection from cold
 C - a +5 ring of protection
 D - the amulet of the Four Winds {rN+ MR+++ Clar}
   (You found it on level 3 of the Elven Halls)

   [amulet of nothing]

   It protects you from negative energy.
   It affects your resistance to hostile enchantments.
   It protects you against confusion.
 G - an uncursed ring of poison resistance
 T - the ring "Wuwkeygedgh" (left hand) {Str+2 Dex+2 SInv}
   (You found it on level 3 of the Elven Halls)

   [ring of dexterity]

   It affects your strength (+2).
   It affects your dexterity (+2).
   It lets you see invisible.
 U - the ring of Quanyhig {rElec rN+ AC+1 Int+7}
   (You found it on level 10 of the Dungeon)

   [ring of protection]

   It affects your AC (+1).
   It affects your intelligence (+7).
   It insulates you from electricity.
   It protects you from negative energy.
Wands
 l - a wand of disintegration (19)
 p - a wand of flame (34)
 E - a wand of polymorph (56)
 N - a wand of clouds (12)
 P - a wand of digging (30)
 S - a wand of acid (16)
 X - a wand of iceblast (27)
Scrolls
 e - 5 scrolls of fear
 g - 6 scrolls of blinking
 j - 8 scrolls of enchant armour
 n - 5 scrolls of teleportation
 r - 18 scrolls of remove curse
 x - 3 scrolls of holy word
 F - 5 scrolls of magic mapping
 M - 12 scrolls of fog
 Q - 2 scrolls of identify
Potions
 c - 2 potions of berserk rage
 h - 6 potions of curing
 q - 7 potions of lignification
 t - 3 potions of flight
 u - a potion of agility
 w - 3 potions of cancellation
 y - a potion of brilliance
 K - 2 potions of haste
 V - 3 potions of might
Books
 J - a manual of Maces & Flails
Miscellaneous
 o - a lightning rod (4/4)
 L - 2 sacks of spiders
 R - 2 phantom mirrors
 W - a phial of floods
 Y - a lightning rod (4/4)
Comestibles
 f - 53 rations


   Skills:
 + Level 20.4(25.4) Fighting
 - Level 15.4(20.4) Long Blades
   Level 9.7(22.6) Axes
 + Level 22.6(27) Maces & Flails
 * Level 19.9(24.9) Armour
 * Level 12.9(17.9) Dodging
 + Level 3.6(8.6) Stealth
 - Level 17.0(22.0) Shields
 + Level 3.4 Spellcasting
 + Level 1.9 Translocations
 + Level 2.5 Air Magic
 + Level 2.4 Poison Magic
 + Level 5.3 Invocations
 - Level 6.0 Evocations


You had 21 spell levels left.
You knew the following spells:

 Your Spells              Type           Power        Failure   Level  Hunger
a - Blink                 Tloc           N/A          50%         2    ###....
b - Mephitic Cloud        Conj/Pois/Air  #.......     80%         3    ###....

Your spell library contained the following spells:

 Spells                   Type           Power        Failure   Level  Hunger
 Apportation              Tloc           #.....       36%         1    #......
 Poisonous Vapours        Pois/Air       #.....       43%         2    ###....
 Sting                    Conj/Pois      #...         47%         1    #......
 Animate Skeleton         Necr           N/A          65%         1    #......
 Confusing Touch          Hex            #.....       65%         1    #......
 Corona                   Hex            #......      65%         1    #......
 Freeze                   Ice            #...         65%         1    #......
 Infusion                 Chrm           #...         65%         1    #......
 Magic Dart               Conj           #...         65%         1    #......
 Pain                     Necr           #...         65%         1    #......
 Sandblast                Erth           #.....       65%         1    #......
 Summon Butterflies       Summ           #.......     65%         1    #......
 Summon Small Mammal      Summ           #...         65%         1    #......
 Shroud of Golubria       Chrm/Tloc      #.........   65%         2    ###....
 Gell's Gravitas          Tloc           #.........   75%         3    ###....
 Lesser Beckoning         Tloc           #.........   75%         3    ###....
 Teleport Other           Tloc           #.......     75%         3    ###....
 Call Imp                 Summ           #.......     78%         2    ###....
 Ensorcelled Hibernation  Hex/Ice        #.....       78%         2    ###....
 Passwall                 Tmut/Erth      #.......     78%         2    ###....
 Searing Ray              Conj           #.....       78%         2    ###....
 Slow                     Hex            #.......     78%         2    ###....
 Song of Slaying          Chrm           #.......     78%         2    ###....
 Sticks to Snakes         Tmut           #.......     78%         2    ###....
 Sublimation of Blood     Necr           #.........   78%         2    ###....
 Throw Frost              Conj/Ice       #.....       78%         2    ###....
 Static Discharge         Conj/Air       #.......     83%         3    ###....
 Portal Projectile        Hex/Tloc       #.....       86%         3    ###....
 Recall                   Summ/Tloc      N/A          86%         3    ###....
 Ignite Poison            Fire/Tmut/Pois #.......     88%         3    ###....
 Confuse                  Hex            #.......     95%         3    ###....
 Conjure Flame            Conj/Fire      #.......     95%         3    ###....
 Dazzling Spray           Conj/Hex       #.....       95%         3    ###....
 Inner Flame              Hex/Fire       #.......     95%         3    ###....
 Ozocubu's Armour         Chrm/Ice       #.......     95%         3    ###....
 Regeneration             Chrm/Necr      #.........   95%         3    ###....
 Spectral Weapon          Hex/Chrm       #.......     95%         3    ###....
 Stone Arrow              Conj/Erth      #.....       95%         3    ###....
 Tukima's Dance           Hex            #.......     95%         3    ###....
 Vampiric Draining        Necr           #.........   95%         3    ###....
 Olgreb's Toxic Radiance  Pois           #.......     97%         4    #####..
 Passage of Golubria      Tloc           N/A          98%         4    #####..
 Force Lance              Conj/Tloc      #.......     99%         4    #####..
 Summon Lightning Spire   Summ/Air       #.......     99%         4    #####..
 Animate Dead             Necr           N/A          100%        4    #####..
 Cause Fear               Hex            #.........   100%        4    #####..
 Fulminant Prism          Conj/Hex       #.........   100%        4    #####..
 Iskenderun's Mystic Bla  Conj           #.......     100%        4    #####..
 Leda's Liquefaction      Hex/Erth       #.........   100%        4    #####..
 Petrify                  Tmut/Erth      #.......     100%        4    #####..
 Summon Ice Beast         Ice/Summ       #.......     100%        4    #####..
 Throw Icicle             Conj/Ice       #.......     100%        4    #####..
 Alistair's Intoxication  Tmut/Pois      #.......     100%        5    ######.
 Aura of Abjuration       Summ           #.........   100%        5    ######.
 Blade Hands              Tmut           #.........   100%        5    ######.
 Bolt of Magma            Conj/Fire/Erth #.........   100%        5    ######.
 Dispel Undead            Necr           #.......     100%        5    ######.
 Excruciating Wounds      Chrm/Necr      #.........   100%        5    ######.
 Irradiate                Conj/Tmut      #.........   100%        5    ######.
 Iskenderun's Battlesphe  Conj/Chrm      #.......     100%        5    ######.
 Lee's Rapid Deconstruct  Erth           #.........   100%        5    ######.
 Silence                  Hex/Air        #.........   100%        5    ######.
 Summon Demon             Summ           #.........   100%        5    ######.
 Summon Forest            Summ/Tloc      #.........   100%        5    ######.
 Summon Mana Viper        Hex/Summ       #.......     100%        5    ######.
 Venom Bolt               Conj/Pois      #.........   100%        5    ######.
 Yara's Violent Unravell  Hex/Tmut       #.........   100%        5    ######.
 Deflect Missiles         Chrm/Air       #.........   100%        6    #######
 Invisibility             Hex            #.......     100%        6    #######
 Iron Shot                Conj/Erth      #.........   100%        6    #######
 Shadow Creatures         Summ           N/A          100%        6    #######
 Statue Form              Tmut/Erth      #........    100%        6    #######
 Orb of Destruction       Conj           #.........   100%        7    #######
 Spellforged Servitor     Conj/Summ      #.........   100%        7    #######
 Discord                  Hex            #.........   100%        8    #######
 Shatter                  Erth           #.........   100%        9    #######


Dungeon Overview and Level Annotations

Branches:
Dungeon (15/15)            Temple (1/1) D:4            Lair (6/6) D:11
  Swamp (4/4) Lair:4        Snake (4/4) Lair:3        Slime (0/5) Lair:5
    Orc (2/2) D:10            Elf (3/3) Orc:2        Vaults (3/5) D:14
  Crypt (0/3) Vaults:2     Depths (0/5) D:15

Altars:
Ashenzari
Cheibriados
Dithmenos
Elyvilon
Fedhas
Gozag
Hepliaklqana
Kikubaaqudgha
Makhleb
Nemelex Xobeh
Okawaru
Qazlal
Ru
Sif Muna
Trog
Uskayaw
Vehumet
Wu Jian
Xom
Yredelemnul
Zin
The Shining One
Beogh
Lugonu

Shops:
D:8 *   D:11 ?   D:14 (   D:15 *   Orc:1 ?   Orc:2 [(}(   Elf:1 *   Elf:2 *
Elf:3 *   Snake:3 ==}

Annotations:
D:5 1 runed door
D:9 exclusions: oklob plant and oklob sapling


Innate Abilities, Weirdness & Mutations

You reflexively headbutt those who attack you in melee.
You have a pair of large horns on your head.
You are robust. (+10% HP)
You are covered in fur. (AC +1)
[You often lose your temper in combat.]
[Scrolls take you much longer to read.]
[Armour fits poorly on your strangely shaped body.]
[You are dopey. (Int -2)]
[You are frail. (-10% HP)]
[Your magical capacity is very low. (-20% MP)]
[You occasionally shout uncontrollably at your foes.]
[You do not regenerate when monsters are visible.]


Message History

You feel protected.
The stone giant throws a large rock.
The large rock barely misses you.
An ironbrand convoker comes into view. It is wielding a morningstar.
The ironbrand convoker shouts!
The stone giant throws a large rock.
You reflect the large rock off your +0 shield of reflection!
The large rock hits the stone giant!!
The wizard hits you but does no damage.
A freezing wraith comes into view.
You gain the combat prowess of a mighty hero.
The ironheart preserver gestures wildly while chanting.
The ironheart preserver begins to accept its allies' injuries.
The wizard gestures wildly while chanting.
The wizard flickers and vanishes for a moment.
The stone giant throws a large rock.
The large rock hits you but does no damage.
You block the wizard's attack.
You can now deal lightning-fast blows.
You block the ironheart preserver's attack.
The stone giant throws a large rock.
The large rock hits you!!
You die...

=.............................#
..............................#
..............................#
'############################## *
........# ##..(## *********
........######.....#***#*,,,,,,,*
........##...##.$.#*,..#*,,,,,,,*
........'.....##(##pW...*,,≈≈≈,,*
........##...#'.@.C#,,,**,,≈≈≈,,*
§.§§.§..######.Cpp.#*****,,≈≈≈,,+
§§§.....##...#'.p.'#,,,**,,,,,,,*
§§§.....#.....##'##..,,,+,,,,,,,*
§§§§######)[.##...*#..,**********
§§§§#######'##,...,*###*
§§§§##.......#*(..**
§.§§##.......######
§§§§.#.......# #####


You could see an ironheart preserver, 2 stone giants, an ironbrand convoker, a
freezing wraith and 2 wizards.

Vanquished Creatures
  the Lernaean hydra (Swamp:4)
  A profane servitor (Abyss:3)
  A deep elf master archer (Elf:3)
  3 deep elf blademasters
  Asterion (Elf:1)
  Frances (Elf:1)
  2 tentacled starspawn (Abyss:3)
  A sphinx (Vaults:3)
  Agnes (Elf:1)
  A tengu reaver (Vaults:1)
  Roxanne (Swamp:4)
  A storm dragon (Vaults:2)
  Donald (Orc:2)
  2 thorn hunters
  13 nagarajas
  3 imperial myrmidons (Desolation)
  13 deep elf sorcerers
  6 vault wardens
  An orc warlord (Orc:2)
  6 deep elf elementalists (Elf:3)
  3 stone giants
  4 ironheart preservers
  6 deep elf demonologists
  Azrael (Elf:1)
  9 deep elf annihilators (Elf:3)
  A blizzard demon (Abyss:3)
  A minotaur (Lab)
  An ettin (Vaults:2)
  3 crystal guardians (Desolation)
  Snorg (D:10)
  7 yaktaur captains
  3 deep elf death magi
  2 fire dragons
  10 ragged hierophants (Desolation)
  5 deep elf high priests
  Erolcha (Orc:2)
  2 great orbs of eyes
  8 servants of whispers (Desolation)
  5 vault guards (Vaults:3)
  2 rakshasas
  18 anacondas
  4 peacekeepers
  8 naga warriors
  7 centaur warriors
  29 hydras
  A catoblepas (D:15)
  2 ghost crabs
  6 ogre magi
  A death knight (Vaults:2)
  14 two-headed ogres
  A death yak (Lair:6)
  9 alligators
  The ghost of trianova the Prestidigitator, a journeyman SpEn of Okawaru (D:12)
  4 orc high priests (Orc:2)
  26 dancing weapons
  5 shock serpents
  A thrashing horror (Abyss:3)
  2 naga sharpshooters
  Urug (Lair:4)
  17 deep elf knights
  5 salamander mystics
  A spatial maelstrom (Abyss:3)
  3 wretched stars (Abyss:3)
  A fire crab (Lair:3)
  3 skeletal warriors (D:14)
  3 wizards
  14 deep elf archers
  4 deep trolls (Vaults:2)
  An unseen horror (D:14)
  8 ironbrand convokers
  8 naga ritualists
  2 spriggan druids
  15 swamp dragons
  A glowing orange brain (D:15)
  An orange crystal statue (D:12)
  An obsidian statue (Snake:1)
  4 lindwurms (D:13)
  3 harpies (Vaults:1)
  2 necromancers
  2 shambling mangroves
  A phantasmal warrior (Vaults:3)
  10 orc knights
  6 mana vipers
  6 orc sorcerers (Orc:2)
  46 deep elf magi
  A cyclops (shapeshifter) (D:15)
  A wolf spider (Vaults:1)
  5 oklob plants
  27 ugly things
  An orb spider (shapeshifter) (Vaults:3)
  3 manticores
  19 salamanders
  11 cyclopes
  3 elephants (Lair:4)
  A salamander (shapeshifter) (Vaults:2)
  18 guardian serpents
  A black mamba (shapeshifter) (D:15)
  27 black mambas
  Maurice (Orc:2)
  15 naga magi
  5 vault sentinels
  3 orange demons (Elf:1)
  33 spiny frogs
  3 kobold demonologists
  A torpor snail (Lair:6)
  35 yaktaurs
  2 freezing wraiths
  2 gargoyles
  A rime drake (Lair:5)
  10 komodo dragons
  5 trolls
  13 tyrant leeches
  A polar bear (Lair:3)
  2 ancient zymes (Abyss:3)
  A queen bee (shapeshifter) (Elf:2)
  A troll (shapeshifter) (Vaults:2)
  2 wind drakes (shapeshifter) (Vaults:2)
  8 hornets
  A blink frog (shapeshifter) (D:15)
  A polar bear (shapeshifter) (D:15)
  24 blink frogs
  Grinder (D:4)
  42 slime creatures
  A merfolk (D:9)
  44 saltlings
  8 hippogriffs
  A dream sheep (Lair:2)
  16 bog bodies
  The ghost of dscm the Digger, an amateur OpEE of Gozag (D:5)
  A human simulacrum (Vaults:3)
  6 shadows
  A spriggan (shapeshifter) (D:15)
  A redback (shapeshifter) (Elf:3)
  15 starcursed masses (Abyss:3)
  21 yaks
  2 vampires
  8 spriggans
  4 wraiths
  3 wyverns
  4 air elementals
  A yak (shapeshifter) (D:14)
  A basilisk (Lair:6)
  10 fire elementals
  A human (D:10)
  Grum (D:8)
  2 chaos spawn (D:10)
  2 hungry ghosts
  14 vampire mosquitoes
  6 insubstantial wisps (Swamp:3)
  45 nagas
  A naga (shapeshifter) (D:15)
  Edmund (D:4)
  A soldier ant (D:14)
  10 swamp worms
  5 wargs
  4 acid dragons
  A water moccasin (shapeshifter) (Vaults:2)
  12 water moccasins
  4 hell hounds
  10 porcupines
  Duvessa (D:4)
  41 orc warriors
  19 swamp drakes
  7 ice beasts
  2 sky beasts
  4 black bears
  2 phantoms
  3 eyes of draining
  2 necrophages
  7 boggarts
  6 wolves
  A black bear (shapeshifter) (Vaults:2)
  20 ogres
  18 centaurs
  12 crocodiles
  Blork the orc (D:5)
  6 big kobolds
  28 bullfrogs
  An earth elemental (Elf:3)
  8 scorpions
  A wyvern skeleton (D:11)
  Dowan (D:4)
  A water moccasin skeleton (D:9)
  10 killer bees
  A howler monkey (D:8)
  7 wights
  3 electric eels
  8 crimson imps
  3 bullfrog zombies
  4 hounds
  6 jellies
  2 quasits
  8 centaur skeletons
  20 orc priests
  28 orc wizards
  2 centaur zombies
  2 small abominations (Abyss:3)
  3 gnoll shamans (D:12)
  Crazy Yiuf (D:4)
  2 bullfrog skeletons (D:12)
  Terence (D:2)
  5 iguanas
  13 worker ants
  2 hell rats (Lair:2)
  A killer bee zombie (D:10)
  Robin (D:4)
  A howler monkey zombie (D:8)
  A worker ant zombie (D:8)
  A howler monkey skeleton (D:8)
  15 adders
  9 gnolls
  9 river rats
  4 shadow imps
  2 oozes
  An adder skeleton (D:8)
  3 dart slugs (D:1)
  2 worms (D:4)
  4 leopard geckos
  89 orcs
  7 ball pythons
  2 giant cockroaches
  17 goblins
  9 hobgoblins
  24 jackals
  19 kobolds
  A quokka (D:7)
  6 bats
  4 frilled lizards
  A leopard gecko skeleton (D:5)
  11 rats
  4 briar patches
  A butterfly (Lair:6)
  A fungus (D:12)
  5 plants
1621 creatures vanquished.

Vanquished Creatures (collateral kills)
  3 deep elf magi (Elf:3)
3 creatures vanquished.

Vanquished Creatures (others)
  A deep elf master archer (Elf:3)
  A deep elf elementalist (Elf:3)
  A deep elf annihilator (Elf:3)
  A dancing weapon (Elf:3)
  A deep elf knight (Elf:2)
  2 deep elf archers (Elf:2)
  A cyclops (Vaults:1)
  A guardian serpent (Snake:4)
  2 yaktaurs (Vaults:1)
  A tyrant leech (Swamp:4)
  A boggart (Vaults:2)
  An orc (D:11)
  A ball python skeleton (D:5)
  A briar patch (Swamp:1)
  11 fungi
  41 plants
  4 starspawn tentacles (Abyss:3)
72 creatures vanquished.

Grand Total: 1696 creatures vanquished

Notes
Turn   | Place    | Note
-------+----------+-------------------------------------------
     0 | D:1      | RoboWizard the Minotaur Fighter began the quest for the
                  | Orb.
     0 | D:1      | Reached XP level 1. HP: 19/19 MP: 0/0
    54 | D:1      | Reached XP level 2. HP: 23/27 MP: 1/1
   270 | D:1      | Reached XP level 3. HP: 25/33 MP: 2/2
   942 | D:2      | Noticed Terence
   955 | D:2      | Killed Terence
   955 | D:2      | Reached XP level 4. HP: 36/40 MP: 3/3
  1004 | D:2      | Found a burning altar of Makhleb.
  2071 | D:3      | Found a shimmering altar of Xom.
  2374 | D:3      | Reached XP level 5. HP: 47/47 MP: 4/4
  2422 | D:3      | Found a shadowy altar of Dithmenos.
  2422 | D:3      | Found an ornate altar of the Wu Jian Council.
  2482 | D:3      | Found a stormy altar of Qazlal.
  2687 | D:4      | Noticed Edmund
  2705 | D:4      | Killed Edmund
  2705 | D:4      | Reached skill level 5 in Axes
  2705 | D:4      | Reached skill level 5 in Armour
  2746 | D:4      | Reached XP level 6. HP: 25/53 MP: 5/5
  3039 | D:4      | Noticed Dowan
  3040 | D:4      | Noticed Duvessa
  3058 | D:4      | Killed Dowan
  3058 | D:4      | Reached skill level 5 in Fighting
  3062 | D:4      | Killed Duvessa
  3062 | D:4      | Reached XP level 7. HP: 31/61 MP: 2/6
  3151 | D:4      | Noticed Grinder
  3165 | D:4      | Paralysed by Grinder for 7 turns
  3179 | D:4      | Killed Grinder
  3179 | D:4      | Reached skill level 5 in Shields
  3470 | D:4      | Noticed Robin
  3478 | D:4      | Killed Robin
  3567 | D:4      | Found a runed door.
  3571 | D:4      | Noticed Crazy Yiuf
  3582 | D:4      | Killed Crazy Yiuf
  3739 | D:4      | Found a staircase to the Ecumenical Temple.
  3758 | Temple   | Entered the Ecumenical Temple
  3964 | D:4      | Found an ancient bone altar of Kikubaaqudgha.
  3964 | D:4      | Found a hide-covered altar of Uskayaw.
  4364 | D:5      | Entered Level 5 of the Dungeon
  4364 | D:5      | Found an iron altar of Okawaru.
  4367 | D:5      | Became a worshipper of Warmaster Okawaru
  4589 | D:5      | Reached XP level 8. HP: 67/70 MP: 7/7
  4594 | D:5      | Found a basalt altar of Yredelemnul.
  4597 | D:5      | Noticed a profane servitor
  4602 | D:5      | Noticed Blork the orc
  4606 | D:5      | Found a glowing golden altar of the Shining One.
  4608 | D:5      | Noticed an angel
  4612 | D:5      | Killed Blork the orc
  4626 | D:5      | Found a runed door.
  4631 | D:5      | Noticed dscm's ghost (amateur OpEE)
  4645 | D:5      | Killed dscm's ghost
  4645 | D:5      | Reached * piety under Okawaru
  4675 | D:5      | Found a runed door.
  5540 | D:6      | Found a shattered altar of Ashenzari.
  5795 | D:7      | Reached skill level 1 in Dodging
  5799 | D:7      | Reached ** piety under Okawaru
  5805 | D:7      | Reached XP level 9. HP: 28/79 MP: 4/8
  6013 | D:7      | Found an opulent altar of Gozag.
  6041 | D:7      | Found a snail-covered altar of Cheibriados.
  6042 | D:7      | Found a glowing silver altar of Zin.
  6096 | D:7      | Got a crystal falchion
  6097 | D:7      | Identified the +7 falchion "Mehokk" {flame, Int+4} (You
                  | found it on level 7 of the Dungeon)
  6396 | D:8      | Found Titaes's General Store.
  6407 | D:8      | Reached skill level 1 in Long Blades
  6423 | D:8      | Reached XP level 10. HP: 16/90 MP: 3/12
  6480 | D:8      | Bought a scroll of fog for 26 gold pieces
  6860 | D:8      | Reached *** piety under Okawaru
  6991 | D:8      | Found a bloodstained altar of Trog.
  7259 | D:8      | Noticed Grum
  7266 | D:8      | Killed Grum
  7294 | D:8      | Found a deep blue altar of Sif Muna.
  7311 | D:8      | Gained mutation: [You occasionally shout uncontrollably at
                  | your foes.] [potion of mutation]
  7311 | D:8      | Gained mutation: [You do not regenerate when monsters are
                  | visible.] [potion of mutation]
  7311 | D:8      | Gained mutation: You are robust. (+10% HP) [potion of
                  | mutation]
  7580 | D:9      | Reached **** piety under Okawaru
  7844 | D:9      | Reached XP level 11. HP: 99/104 MP: 13/13
  8096 | D:9      | Noticed an oklob plant
  8105 | D:9      | Found a blossoming altar of Fedhas.
  8152 | D:10     | Entered Level 10 of the Dungeon
  8464 | D:10     | Found a staircase to the Orcish Mines.
  8497 | D:10     | Got a glittering granite ring
  8581 | D:10     | Noticed a two-headed ogre
  8585 | D:10     | Paralysed by a chaos spawn for 6 turns
  8615 | D:10     | Killed a two-headed ogre
  8631 | D:10     | Found a shimmering altar of Xom.
  8633 | D:10     | Noticed a two-headed ogre
  8636 | D:10     | Found the +7 mace of Variability {chain chaos}
  8667 | D:10     | Noticed Snorg
  8812 | D:9      | Identified the ring of Quanyhig {rElec rN+ AC+1 Int+7} (You
                  | found it on level 10 of the Dungeon)
  8913 | D:10     | Reached skill level 10 in Long Blades
  9007 | D:10     | Noticed a two-headed ogre
  9019 | D:10     | Killed a two-headed ogre
  9072 | D:10     | Reached skill level 10 in Armour
  9085 | D:10     | Found a glowing silver altar of Zin.
  9096 | D:10     | Reached ***** piety under Okawaru
  9149 | D:10     | Killed a two-headed ogre
  9180 | D:10     | Killed Snorg
  9180 | D:10     | Reached skill level 1 in Evocations
  9447 | D:11     | Found a staircase to the Lair.
  9487 | D:11     | Received a gift from Okawaru
  9871 | D:11     | Lost mutation: [You occasionally shout uncontrollably at
                  | your foes.] [potion of mutation]
  9871 | D:11     | Lost mutation: You are robust. (+10% HP) [potion of
                  | mutation]
  9871 | D:11     | Lost mutation: [You do not regenerate when monsters are
                  | visible.] [potion of mutation]
  9871 | D:11     | Gained mutation: [Scrolls take you a little longer to
                  | read.] [potion of mutation]
  9871 | D:11     | Gained mutation: You are covered in fur. (AC +1) [potion of
                  | mutation]
  9871 | D:11     | Gained mutation: You have a pair of large horns on your
                  | head. [potion of mutation]
 10345 | D:11     | Noticed a soul eater
 10369 | D:11     | Reached XP level 12. HP: 42/106 MP: 6/14
 10718 | D:11     | Found Rawany's Magic Scroll Shop.
 10724 | D:11     | Bought a scroll of amnesia for 35 gold pieces
 10724 | D:11     | Bought a scroll of teleportation for 30 gold pieces
 10754 | D:11     | Bought 2 scrolls of enchant armour for 150 gold pieces
 10754 | D:11     | Bought a scroll of identify for 20 gold pieces
 10754 | D:11     | Bought a scroll of identify for 20 gold pieces
 10762 | D:11     | Bought a scroll of enchant armour for 75 gold pieces
 10762 | D:11     | Bought a scroll of fog for 20 gold pieces
 10762 | D:11     | Bought a scroll of identify for 20 gold pieces
 11273 | D:12     | Noticed a two-headed ogre
 11279 | D:12     | Reached skill level 10 in Shields
 11284 | D:12     | Killed a two-headed ogre
 11323 | D:12     | Noticed a two-headed ogre
 11334 | D:12     | Killed a two-headed ogre
 11334 | D:12     | Reached skill level 10 in Fighting
 11340 | D:12     | Noticed a two-headed ogre
 11364 | D:12     | Killed a two-headed ogre
 11664 | D:12     | Noticed a great orb of eyes
 11667 | D:12     | Noticed trianova's ghost (journeyman SpEn)
 11674 | D:12     | Found a transporter.
 12035 | D:12     | Noticed a two-headed ogre
 12042 | D:12     | Killed a two-headed ogre
 12050 | D:12     | Found a transporter.
 12136 | D:12     | Reached ****** piety under Okawaru
 12479 | D:12     | Received a gift from Okawaru
 12480 | D:12     | Got a translucent morningstar {god gift}
 12488 | D:12     | Identified the +8 morningstar of Terra Cotta {speed, Str+4}
                  | (Okawaru gifted it to you on level 12 of the Dungeon)
 12972 | D:13     | Lost mutation: You have a pair of large horns on your head.
                  | [potion of mutation]
 12972 | D:13     | Lost mutation: [Scrolls take you a little longer to read.]
                  | [potion of mutation]
 12972 | D:13     | Gained mutation: You have a pair of large horns on your
                  | head. [potion of mutation]
 12972 | D:13     | Gained mutation: You are robust. (+10% HP) [potion of
                  | mutation]
 13077 | D:13     | Noticed a centaur warrior
 13089 | D:13     | Killed a centaur warrior
 13229 | D:13     | Noticed a four-headed hydra
 13236 | D:13     | Killed a one-headed hydra
 13236 | D:13     | Reached XP level 13. HP: 125/125 MP: 10/15
 13585 | D:14     | Received a gift from Okawaru
 13989 | D:14     | Found Fuarotatz's Antique Weapon Emporium.
 14107 | D:14     | Found a gate to the Vaults.
 14142 | D:14     | Reached skill level 5 in Evocations
 14206 | D:14     | HP: 2/126 [yaktaur/bolt (14)]
 15033 | D:14     | Received a gift from Okawaru
 15034 | D:14     | Got a thick robe {god gift}
 15045 | D:14     | Identified the +1 robe of Hulluall {rF++ Str+3} (Okawaru
                  | gifted it to you on level 14 of the Dungeon)
 15061 | D:14     | Found a shattered altar of Ashenzari.
 15563 | D:14     | Found a hazy altar of Hepliaklqana.
 15807 | D:15     | Entered Level 15 of the Dungeon
 16316 | D:15     | Reached skill level 15 in Long Blades
 16706 | D:15     | Reached XP level 14. HP: 51/136 MP: 9/17
 17136 | D:15     | Found Nen Xiotooxu's Assorted Antiques.
 17304 | D:15     | Found a staircase to the Depths.
 17675 | D:15     | Received a gift from Okawaru
 17948 | Lair:1   | Entered Level 1 of the Lair of Beasts
 18040 | Lair:1   | Found a labyrinth entrance.
 18132 | Lab      | Entered a labyrinth
 18712 | Lab      | Got a warped lajatang {flame}
 18720 | Lab      | Got a steaming war axe
 18721 | Lab      | Identified the +1 war axe of Keicw {venom, rElec} (You
                  | found it in a labyrinth)
 19404 | Lair:1   | Identified the +3 ring mail of the Postmodern Lies {rF+
                  | Str+2} (You found it on level 1 of the Lair of Beasts)
 20040 | Lair:2   | Received a gift from Okawaru
 20361 | Lair:2   | Reached skill level 1 in Maces & Flails
 20800 | Lair:3   | Reached skill level 2 in Maces & Flails
 20861 | Lair:3   | Found a transporter.
 20874 | Lair:3   | Found a transporter.
 20901 | Lair:3   | Reached skill level 3 in Maces & Flails
 21235 | Lair:3   | Got a translucent long sword
 21236 | Lair:3   | Identified the +8 long sword of Twilight {protect, rN+++}
                  | (You found it on level 3 of the Lair of Beasts)
 21750 | Lair:3   | Found a staircase to the Snake Pit.
 21762 | Lair:3   | Identified a scroll of acquirement
 22129 | Lair:4   | Reached skill level 4 in Maces & Flails
 22248 | Lair:4   | Found a staircase to the Swamp.
 22303 | Lair:4   | Reached skill level 5 in Maces & Flails
 22434 | Lair:4   | Noticed Urug
 22447 | Lair:4   | Killed Urug
 22447 | Lair:4   | Reached skill level 6 in Maces & Flails
 22621 | Lair:4   | Reached skill level 7 in Maces & Flails
 22851 | Lair:5   | Received a gift from Okawaru
 22939 | Lair:5   | Found a staircase to the Slime Pits.
 23166 | Lair:5   | Reached skill level 8 in Maces & Flails
 23282 | Lair:5   | Reached skill level 9 in Maces & Flails
 23605 | Lair:6   | Entered Level 6 of the Lair of Beasts
 23624 | Lair:6   | Reached XP level 15. HP: 140/147 MP: 18/18
 23636 | Lair:6   | Reached skill level 10 in Maces & Flails
 23769 | Lair:6   | Identified the +10 bardiche "Impslayer" {freeze, rPois
                  | Str+2 Int-2 Dex+2} (You found it on level 6 of the Lair of
                  | Beasts)
 23912 | Lair:6   | Received a gift from Okawaru
 23912 | Lair:6   | Reached skill level 11 in Maces & Flails
 24189 | Lair:6   | Reached skill level 12 in Maces & Flails
 24772 | Lair:6   | Reached skill level 13 in Maces & Flails
 24798 | Lair:6   | Received a gift from Okawaru
 24799 | Lair:6   | Got a pair of distressingly furry boots {god gift}
 24810 | Lair:6   | Identified the +0 pair of boots of Ikumoby {Str+2 Int+5
                  | Dex+3} (Okawaru gifted it to you on level 6 of the Lair of
                  | Beasts)
 25187 | Lair:6   | Got a jewelled rapier
 25188 | Lair:6   | Identified the +1 rapier "Ergheadus" {flame, rC+} (You
                  | found it on level 6 of the Lair of Beasts)
 25480 | Snake:1  | Entered Level 1 of the Snake Pit
 25663 | Snake:1  | Reached skill level 14 in Maces & Flails
 26434 | Snake:2  | Reached skill level 15 in Maces & Flails
 26456 | Snake:2  | Reached skill level 5 in Dodging
 26863 | Snake:2  | Identified the +2 plate armour of the Ten Yaks {MR+} (You
                  | found it on level 2 of the Snake Pit)
 27122 | Snake:2  | Noticed a nagaraja
 27133 | Snake:2  | Killed a nagaraja
 27133 | Snake:2  | Received a gift from Okawaru
 27452 | Snake:3  | Noticed a nagaraja
 27461 | Snake:3  | Killed a nagaraja
 27512 | Snake:3  | Reached XP level 16. HP: 151/158 MP: 17/19
 27817 | Snake:3  | Reached skill level 16 in Maces & Flails
 27903 | Snake:3  | Found Wuracush's Gadget Emporium.
 27904 | Snake:3  | Found Nag Mio's Jewellery Shop.
 27904 | Snake:3  | Found Poasoj's Jewellery Shop.
 27922 | Snake:3  | Bought a +5 ring of protection for 1045 gold pieces
 28084 | Snake:4  | Entered Level 4 of the Snake Pit
 28561 | Snake:4  | Received a gift from Okawaru
 28563 | Snake:4  | Got a diamond-encrusted chain mail {god gift}
 28574 | Snake:4  | Identified the +8 chain mail "Bat Vevve" {Int+4} (Okawaru
                  | gifted it to you on level 4 of the Snake Pit)
 28617 | Snake:4  | Learned a level 2 spell: Blink
 28621 | Snake:4  | Learned a level 3 spell: Mephitic Cloud
 28901 | Snake:4  | Reached skill level 1 in Poison Magic
 28989 | Snake:4  | Reached skill level 15 in Armour
 29023 | Snake:4  | Reached skill level 1 in Air Magic
 29410 | Snake:4  | Reached skill level 1 in Translocations
 29841 | Snake:4  | Received a gift from Okawaru
 29943 | Snake:4  | Reached XP level 17. HP: 29/167 MP: 5/20
 30446 | Snake:4  | Reached skill level 17 in Maces & Flails
 30946 | Snake:4  | Got a serpentine rune of Zot
 31300 | D:12     | Killed trianova's ghost
 31302 | D:12     | Received a gift from Okawaru
 31477 | Orc:1    | Entered Level 1 of the Orcish Mines
 31478 | Orc:1    | Found Caediy Ceto's Magic Scroll Shoppe.
 31857 | Orc:2    | Entered Level 2 of the Orcish Mines
 31929 | Orc:2    | Found a staircase to the Elven Halls.
 31969 | Orc:2    | Reached skill level 15 in Shields
 31996 | Orc:2    | Found a roughly hewn altar of Beogh.
 32072 | Orc:2    | Found a roughly hewn altar of Beogh.
 32077 | Orc:2    | Found Bus Desm's Antique Weapon Shop.
 32141 | Orc:2    | Noticed Maurice
 32150 | Orc:2    | Killed Maurice
 32241 | Orc:2    | Noticed Erolcha
 32247 | Orc:2    | Killed Erolcha
 32271 | Orc:2    | Found a roughly hewn altar of Beogh.
 32303 | Orc:2    | Found a roughly hewn altar of Beogh.
 32384 | Orc:2    | Found a roughly hewn altar of Beogh.
 32430 | Orc:2    | Noticed Donald
 32440 | Orc:2    | Killed Donald
 32641 | Orc:2    | Found a roughly hewn altar of Beogh.
 32641 | Orc:2    | Found Hell's Gadget Boutique.
 32773 | Orc:2    | Received a gift from Okawaru
 33132 | Orc:2    | Found Bier's Antique Weapon Emporium.
 33133 | Orc:2    | Found a roughly hewn altar of Beogh.
 33136 | Orc:2    | Found Nujefux's Antique Armour Shoppe.
 33331 | Elf:1    | Entered Level 1 of the Elven Halls
 33367 | Elf:1    | Noticed Frances
 33377 | Elf:1    | Killed Frances
 33732 | Elf:1    | Noticed Asterion
 33760 | Elf:1    | Killed Asterion
 33781 | Elf:1    | Found Cishumup's General Store.
 33965 | Elf:1    | Noticed Azrael
 33991 | Elf:1    | Killed Azrael
 34009 | Elf:1    | Noticed Agnes
 34016 | Elf:1    | Killed Agnes
 34361 | Elf:2    | Found Exeogew's General Store.
 34384 | Elf:2    | Bought a potion of heal wounds for 65 gold pieces
 34446 | Elf:2    | Reached skill level 15 in Fighting
 34672 | Elf:2    | Reached XP level 18. HP: 166/179 MP: 22/22
 34743 | Elf:2    | Received a gift from Okawaru
 34745 | Elf:2    | Got a slimy flail {god gift}
 34746 | Elf:2    | Identified the +5 flail of Karma {pain, *Corrode rN+ MR-
                  | Str+10} (Okawaru gifted it to you on level 2 of the Elven
                  | Halls)
 35157 | Elf:2    | Found a runed gate.
 35157 | Elf:2    | Found a runed gate.
 35157 | Elf:2    | Found a runed gate.
 35186 | Elf:2    | Reached skill level 18 in Maces & Flails
 35870 | Elf:2    | Received a gift from Okawaru
 35902 | Elf:2    | Got an ichor-stained flail {god gift}
 35903 | Elf:2    | Identified the +1 flail "Xungiur" {drain, *Slow Str+4 SInv
                  | Stlth+} (Okawaru gifted it to you on level 2 of the Elven
                  | Halls)
 36067 | Elf:3    | Entered Level 3 of the Elven Halls
 36994 | Elf:3    | Received a gift from Okawaru
 37259 | Elf:3    | Reached XP level 19. HP: 150/191 MP: 23/23
 37484 | Elf:3    | Found Vohuxups's Assorted Antiques.
 37862 | Elf:3    | Reached skill level 19 in Maces & Flails
 37927 | Elf:3    | Got a shimmering leather armour
 37938 | Elf:3    | Identified the +1 leather armour "Elolaf" {-Tele rF+ Str+2
                  | Stlth+} (You took it off a deep elf sorcerer on level 3 of
                  | the Elven Halls)
 38209 | Elf:3    | Received a gift from Okawaru
 38319 | Elf:3    | Found the amulet of the Four Winds {rN+ MR+++ Clar}
 38323 | Elf:3    | Found the +7 Spriggan's Knife {MR+ EV+4 Dex+4 Stlth+}
 38360 | Elf:3    | Found the +15 Maxwell's patent armour {-Cast -Tele rElec
                  | MR+ rCorr}
 38627 | Elf:3    | Got a bound golden ring
 38629 | Elf:3    | Identified the ring "Wuwkeygedgh" {Str+2 Dex+2 SInv} (You
                  | found it on level 3 of the Elven Halls)
 38702 | Elf:3    | Got a polished hand crossbow
 38703 | Elf:3    | Identified the cursed +0 hand crossbow "Roczies" {venom,
                  | Str+4} (You found it on level 3 of the Elven Halls)
 39243 | Swamp:1  | Entered Level 1 of the Swamp
 39453 | Swamp:1  | Found a transporter.
 39825 | Swamp:2  | Reached skill level 10 in Dodging
 40068 | Swamp:2  | Received a gift from Okawaru
 40076 | Swamp:2  | Identified the +2 robe of the Voivode {rElec rC+ Str-3
                  | Dex+4} (Okawaru gifted it to you on level 2 of the Swamp)
 40293 | Swamp:1  | Found a transporter.
 40318 | Swamp:1  | Paralysed by the power of Zot for 4 turns
 40387 | Swamp:1  | Identified the amulet of Taval {+Rage rPois rC+} (You found
                  | it on level 1 of the Swamp)
 40394 | Swamp:1  | Identified the amulet of Zoutaky {Fragile +Rage MR++ Dex+2}
                  | (You found it on level 1 of the Swamp)
 40398 | Swamp:1  | Got a translucent iron ring
 40400 | Swamp:1  | Identified the ring "Xileb" {rC+ Str+5 Int+4 Slay-2 SInv}
                  | (You found it on level 1 of the Swamp)
 40407 | Swamp:1  | Got an iridescent hand crossbow
 40408 | Swamp:1  | Identified the +0 hand crossbow "Hell-Harrower" {elec,
                  | Str+4} (You found it on level 1 of the Swamp)
 41199 | Swamp:4  | Entered Level 4 of the Swamp
 41579 | Swamp:4  | Reached XP level 20. HP: 49/205 MP: 24/24
 41589 | Swamp:4  | HP: 9/205 [swamp dragon/blast of poison (7)]
 41721 | Swamp:4  | Received a gift from Okawaru
 41739 | Swamp:4  | HP: 10/205 [poison (poison gas)]
 42230 | Swamp:4  | Noticed Roxanne
 42257 | Swamp:4  | Killed Roxanne
 42541 | Swamp:4  | Noticed the 27-headed Lernaean hydra
 42549 | Swamp:4  | Killed the 27-headed Lernaean hydra
 42559 | Swamp:4  | Got a decaying rune of Zot
 42563 | Swamp:4  | Identified the +11 spear of Wiazyco {vamp, rPois rN+ Dex+3}
                  | (You found it on level 4 of the Swamp)
 43212 | D:13     | Identified the +7 scimitar of Fedhas's Delight {slice,
                  | +Blink rF- Dex-5 Stlth+} (You found it on level 13 of the
                  | Dungeon)
 43216 | D:13     | Identified the Disquisition on the Sinister Birds
 43296 | Vaults:1 | Entered Level 1 of the Vaults
 43364 | Vaults:1 | Received a gift from Okawaru
 43364 | Vaults:1 | Reached skill level 20 in Maces & Flails
 43646 | Vaults:1 | Reached skill level 5 in Invocations
 43904 | Vaults:1 | Received a gift from Okawaru
 43905 | Vaults:1 | Got an encrusted plate armour {god gift}
 43916 | Vaults:1 | Identified the +5 plate armour of the Jabberwock {rN+
                  | rCorr} (Okawaru gifted it to you on level 1 of the Vaults)
 44793 | Vaults:2 | Found an opulent altar of Gozag.
 45030 | Vaults:2 | Reached skill level 21 in Maces & Flails
 45642 | Vaults:2 | Received a gift from Okawaru
 45741 | Vaults:2 | Found a staircase to the Crypt.
 45741 | Vaults:2 | Found an ancient bone altar of Kikubaaqudgha.
 45742 | Vaults:2 | Found a basalt altar of Yredelemnul.
 45948 | Vaults:2 | Reached XP level 21. HP: 207/217 MP: 25/25
 46571 | Vaults:3 | Found a ruined gateway.
 46576 | Desolati | Entered the Desolation of Salt
 46870 | Desolati | Identified the Guide on Curses
 46875 | Desolati | Identified the amulet of Kiackal {RegenMP rPois} (You found
                  | it in the Desolation of Salt)
 47011 | Desolati | HP: 3/220 [ragged hierophant/a resonance strike (19)]
 47024 | Desolati | Received a gift from Okawaru
 47024 | Desolati | Reached skill level 22 in Maces & Flails
 47569 | Desolati | Identified Sif Muna's Volume of the Shifting Mountains
 47948 | Desolati | Got a scorched gossamer ring
 47949 | Desolati | Identified the ring of Liesch {Str+2 Slay+3} (You found it
                  | in the Desolation of Salt)
 47957 | Desolati | Got a brightly glowing iron ring
 47959 | Desolati | Identified the ring "Leroupt" {Int+7 Dex+3} (You found it
                  | in the Desolation of Salt)
 47963 | Desolati | Got a shimmering pewter ring
 47965 | Desolati | Identified the ring of Voamm {MP+9 Int+3} (You found it in
                  | the Desolation of Salt)
 48668 | Vaults:3 | Identified the +7 chain mail of Gravity {rF+ Int+4 Dex-5}
                  | (You found it on level 3 of the Vaults)
 48723 | Vaults:3 | Cast into level 3 of the Abyss (a wizard)
 48769 | Abyss:3  | Noticed a profane servitor
 48776 | Abyss:3  | Paralysed by accursed screaming for 1 turns
 48787 | Abyss:3  | Paralysed by accursed screaming for 2 turns
 48792 | Abyss:3  | Killed a profane servitor
 48819 | Abyss:3  | Got an abyssal rune of Zot
 48910 | Vaults:3 | Escaped the Abyss
 48914 | Vaults:3 | Hit by a large rock thrown by a stone giant

Skill      XL: |  1  2  3  4  5  6  7  8  9 10 11 12 13 14 15 16 17 18 19 20 21 |
---------------+----------------------------------------------------------------+-----
Armour         | 4 5 6 7 9 10 11 12 14 15 16 17 18 19 | 19.9
Fighting       | 4 5 6 7 8 9 10 11 12 13 14 15 16 18 19 20 | 20.4
Shields        | 4 5 6 8 9 11 12 13 14 15 17 | 17.0
Axes           | 3 4 5 6 7 9 |  9.7
Dodging        | 1 4 5 7 8 10 12 | 12.9
Long Blades    | 6 9 11 13 15 | 15.4
Stealth        | 3 |  3.6
Spellcasting   | 2 3 |  3.4
Invocations    | 3 4 5 |  5.3
Evocations     | 2 4 5 6 |  6.0
Maces & Flails | 9 15 16 17 18 19 21 22 | 22.6
Poison Magic   | 2 |  2.4
Air Magic      | 2 |  2.5
Translocations | 1 |  1.9

Action                   |  1- 3 |  4- 6 |  7- 9 | 10-12 | 13-15 | 16-18 | 19-21 || total
-------------------------+-------+-------+-------+-------+-------+-------+-------++-------
Melee: War axe           |    57 |   102 |   226 |       |       |       |       ||   385
       Headbutt          |    14 |    19 |    46 |   243 |   445 |   418 |   609 ||  1794
       Falchion          |       |       |    37 |   789 |   677 |       |       ||  1503
       Morningstar       |       |       |       |     5 |   593 |  1374 |  1621 ||  3593
       Long sword        |       |       |       |       |    44 |       |       ||    44
       Double sword      |       |       |       |       |       |       |    37 ||    37
Invok: Heroism           |       |       |       |     1 |     3 |    14 |    12 ||    30
       Finesse           |       |       |       |       |     1 |     5 |     5 ||    11
 Abil: Evoke Invisibilit |       |       |       |     1 |       |       |       ||     1
Evoke: Wand              |       |       |       |       |     1 |     1 |       ||     2
       Sack of spiders   |       |       |       |       |     1 |       |       ||     1
       Lightning rod     |       |       |       |       |       |       |     2 ||     2
  Use: Scroll            |       |     4 |     2 |    13 |    16 |     9 |    18 ||    62
       Potion            |       |       |     5 |    16 |     4 |     2 |    23 ||    50
 Stab: Sleeping          |       |       |       |       |       |     1 |       ||     1
       Distracted        |       |       |       |       |       |       |     1 ||     1
  Eat: Chunk             |       |     3 |    11 |    27 |    26 |    35 |    19 ||   121
       Ration            |       |     1 |       |       |     6 |     2 |     3 ||    12
Armor: Scale mail        |     5 |       |       |       |       |       |       ||     5
       Chain mail        |    22 |    43 |       |       |       |   113 |       ||   178
       Plate armour      |       |    20 |   204 |   288 |   437 |   177 |   511 ||  1637
       Crystal plate arm |       |       |       |       |       |    51 |       ||    51
Dodge: Dodged            |    17 |    16 |    70 |   176 |   327 |   357 |   645 ||  1608
       Deflected         |       |       |       |       |       |    18 |    43 ||    61
Block: Shield            |    22 |    55 |   179 |   433 |   730 |   815 |   921 ||  3155
       Reflection        |       |       |       |       |    27 |    75 |    81 ||   183
       Rpst.: Falchion   |       |       |     5 |    46 |    28 |       |       ||    79
       Long sword        |       |       |       |       |     4 |       |       ||     4
       Double sword      |       |       |       |       |       |       |     1 ||     1
